 Dungeon Crawl Stone Soup version 0.29-a0-344-ge2f44be95a (webtiles) character file.

Game seed: 8185436112192877890

7 spaghetti the Slasher (level 2, 25/28 HPs)
             Began as a Naga Berserker on Apr 21, 2022.
             Was a Follower of Trog.
             Quit the game on level 1 of the Dungeon.
             The game lasted 00:00:33 (357 turns).

spaghetti the Slasher (Naga Berserker)               Turns: 357, Time: 00:00:34

Health: 25/28      AC:  1    Str: 19    XL:     2   Next: 4%
Magic:  2/2        EV: 10    Int:  7    God:    Trog [*.....]
Gold:   18         SH:  0    Dex: 10    Spells: 1/1 levels left

rFire   . . .      SeeInvis +   a - +0 falchion {long}
rCold   . . .      Faith    .   (no shield)
rNeg    . . .      Spirit   .   b - +0 animal skin
rPois   +          Reflect  .   (no helmet)
rElec   .          Harm     .   (no cloak)
rCorr   .          Rampage  .   (no gloves)
Will    .....                   (no barding)
Stlth   +.........              (no amulet)
HPRegen 0.09/turn               (no ring)
MPRegen 0.08/turn               (no ring)

@: very slow
A: AC +0, large, see invisible, deformed body, poison resistance, slowness 2,
spit poison 1, naga tail 1
a: Spit Poison, Renounce Religion, Berserk


You were on level 1 of the Dungeon.
You worshipped Trog.
Trog was aware of your devotion.
You visited 1 branch of the dungeon, and saw 1 of its levels.

You collected 18 gold pieces.


Innate Abilities, Weirdness & Mutations

Your serpentine skin is tough. (AC +0)
You have supernaturally acute eyesight. (SInv)
Armour fits poorly on your strangely shaped body.
Your system is resistant to poisons. (rPois)
You cover ground very slowly.
You can spit poison.
You have a snake-like lower body.


   Skills:
 - Level 3.0 Fighting
 + Level 3.1 Long Blades
 - Level 1.5 Armour
 * Level 2.0 Dodging


You had one spell level left.
You didn't know any spells.
Your spell library was empty.

Inventory:

Hand Weapons
 a - a +0 falchion (weapon) {long}
 c - a +1 short sword of flaming {short}
   (You took it off a kobold on level 1 of the Dungeon)
Armour
 b - a +0 animal skin (worn)
Scrolls
 d - a scroll of holy word {unknown}
Potions
 e - a potion of curing {unknown}

Dungeon Overview and Level Annotations

Branches:
Dungeon (1/15)

Altars:

...............##....[.#
#######................##
#####.#'#.#.......#
#.#.#.♣.♣.♣.♣.#
#.#...........#
#.####♣.♣.♣.♣.)...
#.......#.###..##.#
########.#.# ##...
......S@.#.# ..#.
##....##.#.# ..# # #..w
#.#.# .# #.. #.#.# #.
#.#.# # ..#.. ###


You could see a dart slug and a ball python.


Message History

Trog accepts your kill.
You have got your breath back.
c - a +1 short sword of flaming {short}
Things that are here:
a rat corpse; a ball python corpse Key pressed, stopping explore.
Key pressed, stopping explore.
Key pressed, stopping explore.
Key pressed, stopping explore.
Key pressed, stopping explore.
d - a scroll labelled UXITODGH NEIPOCO 😎 HP[+16]
Your hp is fully restored (21).
Unknown command.
You now have 9 gold pieces.
You now have 18 gold pieces (gained 9).
e - a blue potion A rat and a ball python come into view.
The ball python hisses angrily.
There are monsters nearby!
The ball python bites you. 😕 HP[-1]
You take 1 damage, and now have 20/21 hp.
You hit the ball python.
You kill the ball python!
Trog accepts your kill.
You hit the rat.
You kill the rat!
Trog accepts your kill.
Your Dodging skill increases to level 2!
You see here a ball python corpse.
An endoplasm comes into view. 😎 HP[+1]
Your hp is fully restored (21).
An endoplasm is nearby!
An endoplasm is nearby!
An endoplasm is nearby!
The endoplasm hits you.
You are too injured to fight recklessly!
You are too injured to fight recklessly! 😕 HP[-2]
You take 2 damage, and now have 19/21 hp.
You are too injured to fight recklessly!
You are too injured to fight recklessly!
You are too injured to fight recklessly!
You are too injured to fight recklessly!
You are too injured to fight recklessly!
You are too injured to fight recklessly!
You are too injured to fight recklessly!
You are too injured to fight recklessly!
You are too injured to fight recklessly!
You are too injured to fight recklessly!
You are too injured to fight recklessly!
You are too injured to fight recklessly!
You are too injured to fight recklessly!
Unknown command.
Unknown command.
You are too injured to fight recklessly!
You slash the endoplasm!
You kill the endoplasm!
Trog accepts your kill.
You have reached level 2! 😕 HP[+7] MP[+1]
You now have 28 max hp (+7).
You regained 7 hp, and now have 26/28 hp.
Your mp is fully restored (2).
Key pressed, stopping explore.
Key pressed, stopping explore.
Key pressed, stopping explore.
Key pressed, stopping explore.
Key pressed, stopping explore.
You open the door.
There is an open door here.
You see here a +0 robe.
A ball python and a dart slug come into view.
The ball python hisses angrily. 😎 HP[+2]
Your hp is fully restored (28).
The ball python bites you. x2 😕 HP[-3]
You take 3 damage, and now have 25/28 hp.
You are too injured to fight recklessly!
You are too injured to fight recklessly!
You are too injured to fight recklessly!
You are too injured to fight recklessly!
You are too injured to fight recklessly!
You are too injured to fight recklessly!
You are too injured to fight recklessly!
You are too injured to fight recklessly!
You are too injured to fight recklessly!
You are too injured to fight recklessly!
You are too injured to fight recklessly! 🤖 Initializing magus.rc ...
Options error: Delay interrupt name "hungry" not recognised. (~/.crawlrc:4761) Options error: Bad monster_list_colour key: strict_neutral (~/.crawlrc:4776) ✅ Successfully initialized magus.rc [v1.9.6] Welcome back, spaghetti the Naga Berserker.
Trog says: Kill them all!
Press ? for a list of commands and other information.
Are you sure you want to abandon this character and quit the game? (Confirm with "yes".)

Skill      XL: |  1 |
---------------+----+-----
Dodging        | 2 |  2.0
Fighting       | |  3.0
Long Blades    | |  3.1
Armour         | |  1.5

Action                   || total
-------------------------++-------
Melee: Falchion          ||    15
 Abil: Spit Poison       ||     1
Armor: Animal skin       ||     1
Dodge: Dodged            ||    10

Levels and vault maps discovered:
D:1:      dpeg_arrival_connections, layout_basic, serial_forest,
          infiniplex_forest_clump_diagonal, infiniplex_forest_lined_2,
          infiniplex_forest_end_3, infiniplex_forest_corner_1,
          infiniplex_forest_lined_4_way, infiniplex_forest_corner_2,
          infiniplex_forest_3_way, infiniplex_forest_lined_4_way,
          infiniplex_forest_fountain, roderic_malta_cross, moated_statue,
          st_stairs_12

Notes
Turn   | Place    | Note
-------+----------+-------------------------------------------
     0 | D:1      | spaghetti the Naga Berserker began the quest for the Orb.
     0 | D:1      | Reached XP level 1. HP: 21/21 MP: 1/1
     0 | D:1      | magus.rc [v1.9.6]
    21 | D:1      | HP: 5/21 [rat (1)]
   285 | D:1      | Reached skill level 2 in Dodging
   303 | D:1      | Reached XP level 2. HP: 26/28 MP: 2/2
   357 | D:1      | magus.rc [v1.9.6]
   357 | D:1      | Quit the game

Vanquished Creatures
  2 ball pythons (D:1)
  An endoplasm (D:1)
  A goblin (D:1)
  A kobold (D:1)
  2 rats (D:1)
7 creatures vanquished.

Table legend:
 A = Non-vault XP
 B = Vault XP
 C = Vault XP percentage of total XP
 D = Non-vault monster count
 E = Vault monster count
 F = Vault count percentage of total count
                 A         B        C        D         E       F
            +---------+---------+-------+---------+---------+-------
      Total |      10 |       1 |   9.1 |       6 |       1 |  14.3
            +---------+---------+-------+---------+---------+-------
        D:1 |      10 |       1 |   9.1 |       6 |       1 |  14.3
            +---------+---------+-------+---------+---------+-------

Illustrated notes

Table legend:
 A = Kills in this place as a percentage of kills in entire the game.
 B = Kills by you in this place as a percentage of kills by you in the entire game.
 C = Kills by friends in this place as a percentage of kills by friends in the entire game.
 D = Other kills in this place as a percentage of other kills in the entire game.
 E = Experience gained in this place as a percentage of experience gained in the entire game.
 F = Experience gained in this place divided by the number of levels of this place that you have seen.
                   A       B       C       D       E      F
               +-------+-------+-------+-------+-------+----------------------
         Total | 100.0 | 100.0 |   N/A |   N/A | 100.0 |  11.0
       Dungeon | 100.0 | 100.0 |   N/A |   N/A | 100.0 |  11.0
               +-------+-------+-------+-------+-------+----------------------

Table legend: (Time is in decaauts)
 A = Elapsed time spent in this place.
 B = Non-inter-level travel time spent in this place.
 C = Inter-level travel time spent in this place.
 D = Time resting spent in this place.
 E = Time spent auto-exploring this place.
 F = Levels seen in this place.
 G = Mean time per level.
                   A        B        C        D        E       F      G
               +--------+--------+--------+--------+--------+-----+--------+
         Total |    391 |    391 |      0 |      0 |    348 |   1 |  391.0 |
       Dungeon |    391 |    391 |      0 |      0 |    348 |   1 |  391.0 |
               +--------+--------+--------+--------+--------+-----+--------+

Top non-repeatable levels by time:
     D:1: 391 daAuts
